 Dungeon Crawl Stone Soup version 0.20.1-1-g8b1a95d (webtiles) character file.

169 theRoog the Chopper (level 5, -1/47 HPs)
             Began as a Minotaur Berserker on Aug 9, 2017.
             Was a Believer of Trog.
             Succumbed to Sigmund's poison
             ... on level 3 of the Dungeon.
             The game lasted 00:03:04 (997 turns).

theRoog the Chopper (Minotaur Berserker)             Turns: 997, Time: 00:03:04

Health: -1/47      AC: 11    Str: 22    XL:     5   Next: 25%
Magic:  13/13      EV: 14    Int:  4    God:    Trog [**....]
Gold:   71         SH:  0    Dex: 15    Spells: 4/4 levels left

rFire    + . .     SeeInvis .   a - +0 hand axe
rCold    . . .     Gourm    .   (no shield)
rNeg     . . .     Faith    .   e - +0 chain mail
rPois    .         Spirit   .   (helmet restricted)
rElec    .         Reflect  .   (no cloak)
rCorr    .         Harm     .   j - +0 pair of gloves
MR       .....                  q - +0 pair of boots
Stlth    ..........             (no amulet)
Regen    0.2/turn               l - ring of protection from fire
MPRegen  0.2/turn               m - ring of magical power

@: agile, lethally poisoned (-1 -> -17), berserk cooldown, slowed, very slow
A: retaliatory headbutt, horns 2
a: Berserk, Trog's Hand, Burn Spellbooks, Renounce Religion


You were on level 3 of the Dungeon.
You worshipped Trog.
Trog was pleased with you.
You were not hungry.

You visited 1 branch of the dungeon, and saw 3 of its levels.

You collected 71 gold pieces.

Inventory:

Hand Weapons
 a - a +0 hand axe (weapon)
 n - a +0 short sword
Armour
 b - a +0 animal skin
 e - a +0 chain mail (worn)
 j - a +0 pair of gloves (worn)
 q - a +0 pair of boots (worn)
Jewellery
 l - a ring of protection from fire (left hand)
 m - a ring of magical power (right hand)
Wands
 g - a wand of flame (31/48)
Scrolls
 d - 3 scrolls of identify {unknown}
 h - 2 scrolls of remove curse {unknown}
 i - a scroll of fear {unknown}
 o - a scroll of amnesia {unknown}
 s - a scroll of recharging {unknown}
Potions
 k - a potion of degeneration {unknown}
 p - a potion of agility
 r - a potion of curing {unknown}
Comestibles
 c - 3 bread rations
 f - a meat ration


   Skills:
 + Level 4.8 Fighting
 + Level 5.5 Axes
 + Level 3.3 Armour
 + Level 2.9 Dodging


You had 4 spell levels left.
You didn't know any spells.

Dungeon Overview and Level Annotations

Branches:
Dungeon (3/15)

Altars:
Kikubaaqudgha
Nemelex Xobeh
Okawaru
Qazlal
Yredelemnul

Annotations:
D:3 Sigmund


Innate Abilities, Weirdness & Mutations

You reflexively headbutt those who attack you in melee.
You have a pair of horns on your head.


Message History

Trog accepts your kill. Sigmund barely misses you.
You hit the orc but do no damage.
You feel sick. The orc hits you but does no damage.
The orc completely misses you. You furiously retaliate!
You headbutt the orc!
You kill the orc!
Trog accepts your kill.
Sigmund hits you from afar with a scythe of venom.
* * * LOW HITPOINT WARNING * * *
You are more poisoned.
The orc barely misses you. You furiously retaliate!
You headbutt the orc. You hit the orc.
You kill the orc!
Trog accepts your kill.
* * * LOW HITPOINT WARNING * * *
You feel very sick. Sigmund barely misses you.
It was a potion of agility.
You feel agile all of a sudden.
You die...

#....)......#####...#####
#....)......# #...####
#.))........# #......#
...##)).........#
######.##
....'..)†........# #...
....#########.#######
#8.. ... ...............
#... .. ###.###)#######
###.. #.....o@# #_...
##...@### ###.. #....
#_... #.... ###.. #...@
#.... #.... ###.. #?...
#8... #[... ##___ ####


You could see Sigmund and an orc.

Vanquished Creatures
  An orc priest (D:3)
  An orc wizard (D:3)
  Natasha (D:3)
  2 adders (D:2)
  2 worms (D:2)
  A dart slug (D:2)
  2 leopard geckos
  10 orcs (D:3)
  2 bats
  2 giant cockroaches
  4 hobgoblins
  4 jackals (D:1)
  2 frilled lizards
  5 goblins
  6 kobolds
  6 rats
51 creatures vanquished.

Notes
Turn   | Place    | Note
-------+----------+-------------------------------------------
     0 | D:1      | theRoog the Minotaur Berserker began the quest for the Orb.
     0 | D:1      | Reached XP level 1. HP: 19/19 MP: 0/0
   135 | D:1      | Reached XP level 2. HP: 26/27 MP: 1/1
   395 | D:2      | Reached skill level 4 in Axes
   401 | D:2      | Reached XP level 3. HP: 30/33 MP: 2/2
   435 | D:2      | Reached ** piety under Trog
   805 | D:3      | Noticed Natasha
   812 | D:3      | Killed Natasha
   812 | D:3      | Reached XP level 4. HP: 21/41 MP: 3/3
   901 | D:3      | Found a basalt altar of Yredelemnul.
   903 | D:3      | Found a sparkling altar of Nemelex Xobeh.
   903 | D:3      | Found an ancient bone altar of Kikubaaqudgha.
   903 | D:3      | Found an iron altar of Okawaru.
   903 | D:3      | Found a stormy altar of Qazlal.
   947 | D:3      | Reached skill level 5 in Axes
   968 | D:3      | Reached XP level 5. HP: 17/47 MP: 4/4
   989 | D:3      | Noticed Sigmund
   996 | D:3      | HP: 1/47 [poisoned by Sigmund]
   997 | D:3      | Succumbed to Sigmund's poison

Skill      XL: |  1  2  3  4 |
---------------+-------------+-----
Fighting       | 4 |  4.8
Axes           | 4 5 |  5.5
Armour         | 3 |  3.3
Dodging        | |  2.9

Action                   |  1- 3 |  4- 6 || total
-------------------------+-------+-------++-------
Melee: Hand axe          |    68 |    44 ||   112
       Headbutt          |    13 |     3 ||    16
Invok: Berserk           |       |     1 ||     1
  Use: Potion            |       |     1 ||     1
  Eat: Royal jelly       |       |     1 ||     1
Armor: Chain mail        |    42 |    20 ||    62
       Animal skin       |     1 |       ||     1
Dodge: Dodged            |    35 |    25 ||    60
